 Dungeon Crawl Stone Soup version 0.27.1-3-gb3d3a73c9e (webtiles) character file.

Game seed: 7484424815267475240

51893 Crownlay the Warrior (level 14, -1/135 HPs)
             Began as a Hill Orc Fighter on Oct 23, 2021.
             Was an Elder of Cheibriados.
             Slain by a sun demon (7 damage)
             ... summoned by an orc high priest
             ... on level 2 of the Orcish Mines.
             The game lasted 00:56:45 (22800 turns).

Crownlay the Warrior (Hill Orc Fighter)            Turns: 22800, Time: 00:56:46

Health: -1/135     AC: 17    Str: 33    XL:     14   Next: 61%
Magic:  24/24      EV: 11    Int: 27    God:    Cheibriados [****..]
Gold:   808        SH: 13    Dex: 19    Spells: 13/13 levels left

rFire    + . .     SeeInvis .   r - +2 long sword (venom)
rCold    + . .     Faith    .   U - +0 buckler of the Spheres {rN++ Will- Regen+ rCorr}
rNeg     + + .     Spirit   .   T - +0 plate armour
rPois    +         Reflect  +   (no helmet)
rElec    .         Harm     .   I - +1 cloak
rCorr    +         Rampage  .   P - +2 pair of gloves of a wizard's laboratory {rPois Int+6}
Will     .....                  S - +0 pair of boots of Awe {+Blink rF+ rC+}
Stlth    ..........             e - amulet of reflection
HPRegen  1.32/turn              V - ring of the Circus Animal {EV+4 Int+4}
MPRegen  0.19/turn              M - +4 ring of slaying

@: studying Long Blades, very slow
A: no striking features
a: Renounce Religion, Convert to Beogh, Evoke Blink, Bend Time, Temporal
Distortion, Slouch


You were on level 2 of the Orcish Mines.
You worshipped Cheibriados.
Cheibriados was greatly pleased with you.
You visited 3 branches of the dungeon, and saw 15 of its levels.
You also visited: Gauntlet.

You collected 1598 gold pieces.
You spent 790 gold pieces at shops.

Inventory:

Hand Weapons
 r - a +2 long sword of venom (weapon)
 G - a +0 flail of protection
Missiles
 p - 6 boomerangs of dispersal (quivered)
 F - a curare-tipped dart
Armour
 c - a +0 kite shield
 E - a +2 tower shield of cold resistance
 I - a +1 cloak (worn)
 P - the +2 pair of gloves of a wizard's laboratory (worn) {rPois Int+6}
   (You found it in a Gauntlet)

   Int:       It affects your intelligence (+6).
   rPois:     It protects you from poison.
 S - the +0 pair of boots of Awe (worn) {+Blink rF+ rC+}
   (You found it in a Gauntlet)

   rF:        It protects you from fire.
   rC:        It protects you from cold.
   +Blink:    It lets you blink.
 T - a +0 plate armour (worn)
 U - the +0 buckler of the Spheres (worn) {rN++ Will- Regen+ rCorr}
   (You acquired it on level 1 of the Dungeon)

   rN:        It greatly protects you from negative energy.
   Regen:     It increases your rate of health regeneration.
   rCorr:     It protects you from acid and corrosion.
   Will:      It decreases your willpower.
Jewellery
 e - an amulet of reflection (around neck)
 m - an amulet of faith
 H - a ring of see invisible
 M - a +4 ring of slaying (right hand)
 N - a ring of flight
 V - the ring of the Circus Animal (left hand) {EV+4 Int+4}
   (You found it on level 9 of the Dungeon)

   [ring of evasion]

   EV:        It affects your evasion (+4).
   Int:       It affects your intelligence (+4).
Wands
 b - a wand of polymorph (14)
 s - a wand of iceblast (11)
 z - a wand of flame (12)
 L - a wand of digging (5)
Scrolls
 a - 3 scrolls of blinking
 g - 3 scrolls of magic mapping
 h - 9 scrolls of teleportation
 j - 4 scrolls of amnesia
 k - 4 scrolls of enchant weapon
 n - 3 scrolls of enchant armour
 q - 2 scrolls of vulnerability
 v - 2 scrolls of fear
 x - a scroll of immolation {unknown}
 B - 2 scrolls of summoning {unknown}
 D - 2 scrolls of holy word {unknown}
 K - 2 scrolls of fog
Potions
 d - 3 potions of might
 f - 2 potions of flight {unknown}
 i - 3 potions of heal wounds
 l - a potion of cancellation {unknown}
 o - a potion of resistance {unknown}
 t - 5 potions of mutation
 u - a potion of berserk rage {unknown}
 w - 3 potions of attraction
 A - 4 potions of haste
 C - 3 potions of curing
Miscellaneous
 R - a phial of floods


   Skills:
 * Level 15.6 Fighting
 - Level 14.0 Long Blades
 - Level 3.7 Axes
 - Level 3.2 Armour
 - Level 14.1 Shields
 + Level 13.6 Invocations
 + Level 9.2 Evocations


You had 13 spell levels left.
You didn't know any spells.
Your spell library contained the following spells:

 Spells                   Type           Power      Damage    Failure   Level
 Animate Skeleton         Necr           0%         N/A       71%         1
 Foxfire                  Conj/Fire      0%         2x1d4     71%         1
 Freeze                   Ice            0%         1d3       71%         1
 Pain                     Necr           0%         1d4       71%         1
 Conjure Flame            Conj/Fire      0%         6-21      97%         3
 Frozen Ramparts          Ice            0%         1d2       97%         3
 Inner Flame              Hex/Fire       0%         N/A       97%         3
 Vampiric Draining        Necr           0%         2d6       97%         3
 Hailstorm                Conj/Ice       0%         3d3       100%        4
 Summon Lightning Spire   Summ/Air       0%         N/A       100%        4
 Storm Form               Tmut/Air       0%         N/A       100%        7
 Maxwell's Capacitive Co  Air            0%         ∞         100%        8


Dungeon Overview and Level Annotations

Branches:
Dungeon (12/15)            Temple (0/1) D:6            Lair (1/6) D:10
    Orc (2/2) D:12            Elf (0/3) Orc:2       Gauntlet (visited)

Altars:
Ashenzari
Cheibriados
Dithmenos
Fedhas
Hepliaklqana
Kikubaaqudgha
Qazlal
Trog
Uskayaw
Xom
Yredelemnul
The Shining One

Shops:
D:1 !?=   D:3 =   D:7 [   Orc:1 (?   Orc:2 =?*


Message History

The smoke demon hits you but does no damage. x2
The orc high priest utters an invocation to Beogh.
The infernal demonspawn barely misses you.
You block the sun demon's attack.
The orc high priest shouts, "Surrender to Beogh and we'll let you live!"
You closely miss the orc sorcerer.
The orc sorcerer is almost dead.
You kill the orc sorcerer!
Cheibriados appreciates the change of pace.
The smoke demon gestures at you.
The sticky flame hits you but does no damage.
You are covered in liquid flames!
Your life force feels restored.
You are covered in liquid flames!
You are no longer on fire.
You kill the infernal demonspawn!
Cheibriados appreciates the change of pace.
The sun demon hits you.
You are engulfed in flames!
You resist.
The orc high priest shouts, "Join the one true god or die!"
You block the orc high priest's attack.
The orc high priest mumbles some strange prayers to Beogh against you.
Beogh smites you!
* * * LOW HITPOINT WARNING * * *
You slice the orc sorcerer!!
The orc sorcerer is poisoned.
The orc sorcerer is severely wounded.
The orc high priest shouts, "Beogh is our master!
Accept the truth or die!"
The sun demon hits you but does no damage.
The orc high priest barely misses you.
The smoke demon hits you but does no damage. x3
The orc sorcerer points at you and mumbles some strange words.
The bolt of fire hits you! You resist.
* * * LOW HITPOINT WARNING * * *
The orc high priest shouts, "Beogh is our master!
Accept the truth or die!"
You hit the orc sorcerer.
The orc sorcerer looks as sick as possible!
The orc sorcerer is severely wounded.
The sun demon hits you!!
* * * LOW HITPOINT WARNING * * *
You are engulfed in flames!
You resist.
You die...

#))###...##
))###...##.# .##
.))..).##...# ..#
..#)..## #..# ...##
#....## #..##.#.##
.)..## #.......##
#).## ##o#.((..#
).).## #o.33o..#
#....## #4.##@#.##
..#.).## #4.##)..#
.......##...##.).##
..###...##.##)).##
#..###...###)))##
##..###...#...##
###..###.#)#.##
.###..###...##
..###..###.####


You could see 2 orc high priests, a sun demon (summoned), a smoke demon and an
orc sorcerer (extremely poisoned).

Vanquished Creatures
  4 orc warlords
  A minotaur (Gauntlet)
  An ice dragon (D:12)
  A ghost crab (Gauntlet)
  2 boulder beetles
  Erolcha (Orc:1)
  An ogre mage (Orc:2)
  7 two-headed ogres
  A centaur warrior (D:12)
  3 death yaks (D:10)
  The ghost of vatarom the Skirmisher, a novice DjFE of Makhleb (D:9)
  3 orc high priests (Orc:2)
  A deep troll (D:12)
  3 goliath frogs (D:12)
  An infernal demonspawn (Orc:2)
  8 orc knights
  A deep elf zephyrmancer (D:9)
  11 orc sorcerers
  3 cyclopes
  A manticore (D:12)
  An ugly thing (D:11)
  10 slime creatures (D:12)
  2 orange demons (Orc:2)
  A cane toad (Lair:1)
  A gargoyle (D:12)
  Psyche (D:9)
  A queen bee (Gauntlet)
  11 trolls
  A tyrant leech (Gauntlet)
  Prince Ribbit (D:6)
  A shadow (D:11)
  A ynoxinul (Orc:2)
  5 wraiths
  5 yaks (D:9)
  Grum (D:8)
  A basilisk (D:12)
  5 vampire mosquitoes
  9 wargs
  4 swamp worms (Gauntlet)
  3 water moccasins
  38 orc warriors
  2 black bears
  A necrophage (D:7)
  8 ogres
  2 wolves (D:8)
  10 centaurs
  A phantom (D:5)
  3 kobold brigands
  2 bullfrogs
  2 scorpions
  2 water moccasin zombies
  4 killer bees (Gauntlet)
  8 wights
  7 electric eels (D:10)
  3 howler monkeys (D:10)
  4 centaur zombies
  3 hounds
  A jelly (D:5)
  22 orc priests
  Jessica (D:2)
  A centaur skeleton (D:7)
  3 iguanas
  13 orc wizards
  2 hound zombies (D:5)
  A hound skeleton (D:4)
  6 gnolls
  13 adders
  A shadow imp (D:6)
  2 white imps
  An ufetubus (D:7)
  2 worms (D:2)
  A dart slug (D:2)
  84 orcs
  2 bats (D:1)
  3 bat zombies (D:7)
  5 endoplasms
  3 giant cockroaches
  8 goblins
  9 hobgoblins
  7 jackals
  18 kobolds
  5 quokkas
  5 ball pythons
  4 frilled lizards
  2 rats
  A spectral orc (D:12)
446 creatures vanquished.

Vanquished Creatures (others)
  A river rat (D:10)
  3 fungi (Lair:1)
4 creatures vanquished.

Grand Total: 450 creatures vanquished

Notes
Turn   | Place    | Note
-------+----------+-------------------------------------------
     0 | D:1      | Crownlay the Hill Orc Fighter began the quest for the Orb.
     0 | D:1      | Reached XP level 1. HP: 19/19 MP: 1/1
    18 | D:1      | Found Esatt's Distillery.
   240 | D:1      | Reached XP level 2. HP: 21/27 MP: 2/2
   480 | D:1      | Reached skill level 4 in Fighting
   657 | D:1      | Found Dona's Magic Scroll Emporium.
   675 | D:1      | Found a faded altar of an unknown god.
   748 | D:1      | Found Sudoc's Jewellery Shoppe.
  1282 | D:2      | Noticed Jessica
  1366 | D:2      | Reached skill level 1 in Long Blades
  1387 | D:2      | Reached XP level 3. HP: 32/33 MP: 3/3
  1560 | D:2      | HP: 1/33 [adder (1)]
  1993 | D:2      | Reached XP level 4. HP: 40/41 MP: 4/4
  2137 | D:2      | Killed Jessica
  2427 | D:2      | Reached XP level 5. HP: 43/47 MP: 5/5
  2882 | D:3      | Reached skill level 5 in Long Blades
  3190 | D:3      | Reached skill level 5 in Fighting
  3286 | D:3      | Found a stormy altar of Qazlal.
  3495 | D:3      | Found Haurr's Jewellery Emporium.
  3960 | D:3      | Reached XP level 6. HP: 44/56 MP: 6/6
  4894 | D:4      | Found a shimmering altar of Xom.
  5016 | D:5      | Entered Level 5 of the Dungeon
  5065 | D:5      | Reached skill level 6 in Fighting
  5065 | D:5      | Reached XP level 7. HP: 47/63 MP: 7/7
  5735 | D:5      | Reached skill level 10 in Long Blades
  6079 | D:5      | Reached skill level 7 in Fighting
  6079 | D:5      | Reached XP level 8. HP: 49/73 MP: 8/8
  6623 | D:6      | Noticed a boulder beetle
  6655 | D:6      | Killed a boulder beetle
  6656 | D:6      | Reached skill level 8 in Fighting
  6656 | D:6      | Reached XP level 9. HP: 14/82 MP: 9/9
  6967 | D:6      | Found a snail-covered altar of Cheibriados.
  6974 | D:6      | Became a worshipper of Cheibriados the Contemplative
  7040 | D:6      | Noticed Prince Ribbit
  7049 | D:6      | Killed Prince Ribbit
  7050 | D:6      | Reached skill level 1 in Invocations
  7545 | D:6      | Reached skill level 9 in Fighting
  7753 | D:6      | Found a staircase to the Ecumenical Temple.
  7931 | D:6      | Found a glowing golden altar of the Shining One.
  8166 | D:6      | Found a broken altar of Ashenzari.
  8192 | D:6      | Found a hide-covered altar of Uskayaw.
  8599 | D:7      | Reached * piety under Cheibriados
  8766 | D:7      | Found a hazy altar of Hepliaklqana.
  9061 | D:7      | Found Zaobose's Armour Shoppe.
  9205 | D:7      | Found an ancient bone altar of Kikubaaqudgha.
  9418 | D:8      | Noticed Grum
  9454 | D:8      | Reached skill level 10 in Fighting
  9454 | D:8      | Reached skill level 5 in Invocations
  9783 | D:8      | Killed Grum
  9787 | D:8      | Reached skill level 5 in Shields
  9787 | D:8      | Reached XP level 10. HP: 82/93 MP: 12/14
  9877 | D:8      | Found a bloodstained altar of Trog.
 10070 | D:8      | Reached ** piety under Cheibriados
 10189 | D:8      | Found a blossoming altar of Fedhas.
 10880 | D:9      | Found a large runed translucent door.
 10881 | D:9      | Found a large runed translucent door.
 10884 | D:9      | Noticed vatarom's ghost (novice DjFE)
 10900 | D:9      | Noticed Psyche
 10907 | D:9      | Killed Psyche
 11467 | D:9      | Noticed a deep elf zephyrmancer
 11490 | D:9      | Killed a deep elf zephyrmancer
 11587 | D:10     | Entered Level 10 of the Dungeon
 11726 | D:9      | Noticed a two-headed ogre
 11738 | D:9      | Killed a two-headed ogre
 12096 | D:9      | Noticed a boulder beetle
 12110 | D:9      | Killed a boulder beetle
 12111 | D:9      | Reached XP level 11. HP: 24/99 MP: 17/17
 12464 | D:9      | Noticed a cyclops
 12477 | D:9      | Killed a cyclops
 12478 | D:9      | Reached skill level 10 in Shields
 12609 | D:10     | Reached *** piety under Cheibriados
 13194 | D:10     | Found a staircase to the Lair.
 13223 | D:10     | Noticed a death yak
 13355 | D:10     | Noticed a death yak
 13355 | D:10     | Noticed a death yak
 13363 | D:10     | Killed a death yak
 13366 | D:10     | Killed a death yak
 13367 | D:10     | Reached skill level 10 in Invocations
 13367 | D:10     | Killed a death yak
 13709 | D:10     | Found a shadowy altar of Dithmenos.
 14670 | D:11     | Noticed a cyclops
 14677 | D:11     | Killed a cyclops
 15126 | D:11     | Noticed a green ugly thing
 15144 | D:11     | Killed a green ugly thing
 15745 | D:11     | Reached skill level 1 in Evocations
 15908 | D:11     | Reached **** piety under Cheibriados
 15973 | D:11     | Reached XP level 12. HP: 95/106 MP: 19/19
 16393 | D:12     | Noticed a centaur warrior
 16402 | D:12     | Killed a centaur warrior
 16437 | D:12     | Found a gate leading to a gauntlet.
 16445 | Gauntlet | Entered a Gauntlet
 16445 | Gauntlet | Noticed a tengu warrior
 16445 | Gauntlet | Found a transporter.
 16445 | Gauntlet | Found a runed translucent gate.
 16445 | Gauntlet | Found a transporter.
 16675 | Gauntlet | Found a runed translucent gate.
 16690 | Gauntlet | Found a transporter.
 16703 | Gauntlet | Found a transporter.
 16703 | Gauntlet | Found a transporter.
 16703 | Gauntlet | Found a transporter.
 16705 | Gauntlet | Found a transporter.
 16705 | Gauntlet | Found a transporter.
 16718 | Gauntlet | Found a transporter.
 16734 | Gauntlet | Found a transporter.
 16744 | Gauntlet | Found a transporter.
 16747 | Gauntlet | Noticed an anaconda
 16747 | Gauntlet | a wolf spider changed into an anaconda
 16748 | Gauntlet | Noticed a ghost crab
 16749 | Gauntlet | an anaconda changed into an eye of devastation
 16761 | Gauntlet | Found a transporter.
 16778 | Gauntlet | Found a transporter.
 16790 | Gauntlet | Found a transporter.
 16804 | Gauntlet | Found a runed translucent gate.
 16915 | Gauntlet | Identified the +2 pair of gloves of a wizard's laboratory
                  | {rPois Int+6}
 17340 | Gauntlet | Noticed an anaconda
 17340 | Gauntlet | an anaconda changed into a tyrant leech
 17344 | Gauntlet | Noticed an ice dragon
 17344 | Gauntlet | a tyrant leech changed into an ice dragon
 17350 | Gauntlet | Noticed a ghost moth
 17350 | Gauntlet | an ice dragon changed into a ghost moth
 17351 | Gauntlet | Noticed a quicksilver ooze
 17351 | Gauntlet | a ghost moth changed into a quicksilver ooze
 17352 | Gauntlet | Noticed a fire dragon
 17352 | Gauntlet | a quicksilver ooze changed into a fire dragon
 17356 | Gauntlet | Noticed an entropy weaver
 17356 | Gauntlet | a fire dragon changed into an entropy weaver
 17359 | Gauntlet | Noticed a storm dragon
 17359 | Gauntlet | an entropy weaver changed into a storm dragon
 17360 | Gauntlet | Noticed a quicksilver ooze
 17360 | Gauntlet | a storm dragon changed into a quicksilver ooze
 17366 | Gauntlet | Noticed a great orb of eyes
 17366 | Gauntlet | a quicksilver ooze changed into a great orb of eyes
 17367 | Gauntlet | Noticed a fire dragon
 17367 | Gauntlet | a great orb of eyes changed into a fire dragon
 17368 | Gauntlet | a fire dragon changed into a tyrant leech
 17370 | Gauntlet | Noticed a shock serpent
 17370 | Gauntlet | a manticore changed into a shock serpent
 17378 | Gauntlet | Noticed a two-headed ogre
 17379 | Gauntlet | a two-headed ogre changed into a swamp worm
 17410 | Gauntlet | Noticed a catoblepas
 17410 | Gauntlet | a goliath frog changed into a catoblepas
 17416 | Gauntlet | Noticed a quicksilver dragon
 17417 | Gauntlet | Noticed a fire giant
 17417 | Gauntlet | a quicksilver dragon changed into a fire giant
 17419 | Gauntlet | Noticed an azure jelly
 17419 | Gauntlet | a fire giant changed into an azure jelly
 17425 | Gauntlet | Noticed an entropy weaver
 17425 | Gauntlet | an azure jelly changed into an entropy weaver
 17427 | Gauntlet | Noticed a storm dragon
 17427 | Gauntlet | an entropy weaver changed into a storm dragon
 17429 | Gauntlet | Noticed a minotaur
 17429 | Gauntlet | a storm dragon changed into a minotaur
 17432 | Gauntlet | Noticed an azure jelly
 17432 | Gauntlet | a minotaur changed into an azure jelly
 17432 | Gauntlet | Noticed a dire elephant
 17432 | Gauntlet | an azure jelly changed into a dire elephant
 17435 | Gauntlet | Noticed a minotaur
 17435 | Gauntlet | a dire elephant changed into a minotaur
 17437 | Gauntlet | Noticed an azure jelly
 17437 | Gauntlet | a minotaur changed into an azure jelly
 17438 | Gauntlet | Noticed a sphinx
 17438 | Gauntlet | an azure jelly changed into a sphinx
 17438 | Gauntlet | Noticed an alligator snapping turtle
 17438 | Gauntlet | a sphinx changed into an alligator snapping turtle
 17439 | Gauntlet | Noticed a stone giant
 17439 | Gauntlet | an alligator snapping turtle changed into a stone giant
 17443 | Gauntlet | Noticed a fenstrider witch
 17443 | Gauntlet | a stone giant changed into a fenstrider witch
 17443 | Gauntlet | Noticed a quicksilver dragon
 17443 | Gauntlet | a fenstrider witch changed into a quicksilver dragon
 17450 | Gauntlet | Noticed a dire elephant
 17450 | Gauntlet | a quicksilver dragon changed into a dire elephant
 17453 | Gauntlet | Noticed an iron dragon
 17453 | Gauntlet | a dire elephant changed into an iron dragon
 17454 | Gauntlet | Noticed a caustic shrike
 17454 | Gauntlet | an iron dragon changed into a caustic shrike
 17455 | Gauntlet | Noticed an acid blob
 17455 | Gauntlet | a caustic shrike changed into an acid blob
 17456 | Gauntlet | Noticed a shadow dragon
 17456 | Gauntlet | an acid blob changed into a shadow dragon
 17457 | Gauntlet | Noticed a stone giant
 17457 | Gauntlet | a shadow dragon changed into a stone giant
 17459 | Gauntlet | Noticed a fire giant
 17459 | Gauntlet | a stone giant changed into a fire giant
 17462 | Gauntlet | Noticed an alligator snapping turtle
 17462 | Gauntlet | a fire giant changed into an alligator snapping turtle
 17463 | Gauntlet | Noticed a stone giant
 17463 | Gauntlet | an alligator snapping turtle changed into a stone giant
 17467 | Gauntlet | Noticed a quicksilver dragon
 17467 | Gauntlet | a stone giant changed into a quicksilver dragon
 17473 | Gauntlet | Noticed a frost giant
 17473 | Gauntlet | a quicksilver dragon changed into a frost giant
 17475 | Gauntlet | Noticed a quicksilver dragon
 17475 | Gauntlet | a frost giant changed into a quicksilver dragon
 17483 | Gauntlet | Killed a ghost crab
 17487 | Gauntlet | Noticed a fenstrider witch
 17487 | Gauntlet | a quicksilver dragon changed into a fenstrider witch
 17493 | Gauntlet | Noticed an azure jelly
 17494 | Gauntlet | Identified the +0 pair of boots of Awe {+Blink rF+ rC+}
 17494 | Gauntlet | Noticed a fenstrider witch
 17494 | Gauntlet | an azure jelly changed into a fenstrider witch
 17497 | Gauntlet | Noticed a dire elephant
 17497 | Gauntlet | a fenstrider witch changed into a dire elephant
 17502 | Gauntlet | Noticed a fenstrider witch
 17502 | Gauntlet | a dire elephant changed into a fenstrider witch
 17503 | Gauntlet | Noticed a stone giant
 17503 | Gauntlet | a fenstrider witch changed into a stone giant
 17505 | Gauntlet | Noticed an azure jelly
 17505 | Gauntlet | a stone giant changed into an azure jelly
 17508 | Gauntlet | Noticed a fenstrider witch
 17508 | Gauntlet | an azure jelly changed into a fenstrider witch
 17521 | Gauntlet | Noticed an azure jelly
 17521 | Gauntlet | a fenstrider witch changed into an azure jelly
 17522 | Gauntlet | Noticed an alligator snapping turtle
 17522 | Gauntlet | an azure jelly changed into an alligator snapping turtle
 17524 | Gauntlet | Noticed a stone giant
 17524 | Gauntlet | an alligator snapping turtle changed into a stone giant
 17530 | Gauntlet | Noticed a shadow dragon
 17530 | Gauntlet | a stone giant changed into a shadow dragon
 17531 | Gauntlet | Noticed a fenstrider witch
 17531 | Gauntlet | a shadow dragon changed into a fenstrider witch
 17533 | Gauntlet | Noticed a minotaur
 17533 | Gauntlet | a fenstrider witch changed into a minotaur
 17540 | Gauntlet | Noticed a storm dragon
 17540 | Gauntlet | a minotaur changed into a storm dragon
 17545 | Gauntlet | Noticed a quicksilver ooze
 17545 | Gauntlet | a storm dragon changed into a quicksilver ooze
 17546 | Gauntlet | Noticed a ghost moth
 17546 | Gauntlet | a quicksilver ooze changed into a ghost moth
 17551 | Gauntlet | Noticed a spark wasp
 17551 | Gauntlet | a ghost moth changed into a spark wasp
 17554 | Gauntlet | a spark wasp changed into a tyrant leech
 17555 | Gauntlet | Noticed a bunyip
 17555 | Gauntlet | a tyrant leech changed into a bunyip
 17558 | Gauntlet | a bunyip changed into a slime creature
 17567 | Gauntlet | Noticed a shock serpent
 17567 | Gauntlet | a slime creature changed into a shock serpent
 17570 | Gauntlet | a shock serpent changed into a redback
 17577 | Gauntlet | Noticed an anaconda
 17577 | Gauntlet | a swamp worm changed into an anaconda
 17578 | Gauntlet | an anaconda changed into a glowing orange brain
 17639 | Gauntlet | Noticed a shock serpent
 17639 | Gauntlet | a floating eye changed into a shock serpent
 17658 | Gauntlet | a shock serpent changed into an elephant
 17757 | Gauntlet | Noticed a shock serpent
 17757 | Gauntlet | a moth of wrath changed into a shock serpent
 17784 | Gauntlet | Noticed a two-headed ogre
 17784 | Gauntlet | a mana viper changed into a two-headed ogre
 17786 | Gauntlet | a two-headed ogre changed into a floating eye
 17816 | Gauntlet | Noticed a minotaur
 17830 | Gauntlet | Killed a minotaur
 18276 | D:1      | Bought a scroll of acquirement for 624 gold pieces
 18276 | D:1      | Acquired the +0 buckler of the Spheres {rN++ Will- Regen+
                  | rCorr}
 18477 | D:9      | Killed vatarom's ghost
 18482 | D:9      | Identified the ring of the Circus Animal {EV+4 Int+4}
 18592 | D:12     | Found a staircase to the Orcish Mines.
 18902 | D:12     | Noticed an ice dragon
 18902 | D:12     | a large slime creature changed into an ice dragon
 18909 | D:12     | Killed an ice dragon
 18910 | D:12     | Reached skill level 5 in Evocations
 18911 | D:12     | Reached skill level 11 in Fighting
 19062 | D:12     | Noticed a two-headed ogre
 19075 | D:12     | Killed a two-headed ogre
 19076 | D:12     | Reached XP level 13. HP: 103/116 MP: 21/21
 19296 | D:12     | Found a basalt altar of Yredelemnul.
 19771 | D:1      | Bought a scroll of identify for 24 gold pieces
 19771 | D:1      | Bought a scroll of identify for 24 gold pieces
 19771 | D:1      | Bought a scroll of identify for 24 gold pieces
 19771 | D:1      | Bought a scroll of fog for 24 gold pieces
 19977 | Lair:1   | Entered Level 1 of the Lair of Beasts
 20025 | Lair:1   | Reached skill level 12 in Fighting
 20269 | Orc:1    | Entered Level 1 of the Orcish Mines
 20269 | Orc:1    | Found Rouhil's Magic Scroll Shoppe.
 20282 | Orc:1    | Paralysed by an orc sorcerer for 4 turns
 20291 | D:12     | Paralysed by an orc sorcerer for 3 turns
 20687 | Orc:1    | Noticed an orc warlord
 20690 | Orc:1    | Reached ***** piety under Cheibriados
 20709 | Orc:1    | Killed an orc warlord
 20714 | Orc:1    | Reached skill level 13 in Fighting
 20766 | Orc:1    | Noticed Erolcha
 20770 | Orc:1    | Paralysed by an orc sorcerer for 4 turns
 20780 | Orc:1    | Killed Erolcha
 20867 | Orc:1    | Found Macew's Weapon Shoppe.
 20910 | Orc:1    | Bought a scroll of noise for 14 gold pieces
 20910 | Orc:1    | Bought a scroll of identify for 28 gold pieces
 20910 | Orc:1    | Bought a scroll of identify for 28 gold pieces
 21119 | Orc:2    | Entered Level 2 of the Orcish Mines
 21152 | Orc:2    | Found Zoepnung's Jewellery Boutique.
 21297 | Orc:2    | Found a staircase to the Elven Halls.
 21560 | Orc:2    | Noticed an orc warlord
 21572 | Orc:2    | Killed an orc warlord
 21586 | Orc:2    | Reached skill level 14 in Fighting
 21591 | Orc:2    | Noticed an orc warlord
 21639 | Orc:2    | Killed an orc warlord
 21640 | Orc:2    | Reached XP level 14. HP: 96/132 MP: 23/23
 21744 | Orc:2    | Noticed an orc warlord
 21782 | Orc:2    | Killed an orc warlord
 22002 | Orc:2    | Found Coqyvar's Magic Scroll Boutique.
 22024 | Orc:2    | Found Muahic's General Store.
 22258 | Orc:2    | Reached ****** piety under Cheibriados
 22288 | Orc:2    | Reached skill level 15 in Fighting
 22584 | Orc:2    | Paralysed by an orc sorcerer for 2 turns
 22782 | Orc:2    | Paralysed by an orc sorcerer for 5 turns
 22800 | Orc:2    | HP: 6/135 [sun demon[an orc high priest] (19)]
 22800 | Orc:2    | Slain by a sun demon

Illustrated notes

Levels and vault maps discovered:
D:1:      dpeg_arrival_houses_and_road, layout_basic,
          chequers_ecumenical_altar_simple, serial_shops,
          nicolae_shop_behind_doors, shop, shop, item_on_display_a
D:2:      layout_basic, uniq_jessica
D:3:      layout_basic, overflow_temple_1_default, serial_shops,
          nicolae_shop_trees, dk_noncrumbling_3, bh_walls_and_bars
D:4:      layout_gridville, tgw_xom, minmay_stone_trees_medium
D:5:      layout_basic, minmay_misc_feat_rows
D:6:      layout_loops_ring, overflow_temple_1_default, tso_altar,
          mainiacjoe_overflow_two_lobes, minmay_temple_entry_large_hall,
          roderic_roman_lattice, uniq_prince_ribbit1
D:7:      layout_loops_ring, lemuel_zombie_altar_kikubaaqudgha,
          kennysheep_mini_moat, serial_shops, nicolae_lakefront_shop,
          minmay_diced_spiral
D:8:      layout_basic, trog_book, fedhas_altar_fruit_tree, uniq_grum
D:9:      layout_rooms, ebering_ghost_disaster_area, minivault_27,
          minmay_three_doors, uniq_psyche
D:10:     layout_basic, grunt_dithmenos_smoke, dpeg_lair_monsters,
          dk_noncrumbling_4
D:11:     layout_loops_ring, chequers_serial_rivers_micro_b
D:12:     layout_stronghold, orc_0_dummy, gauntlet_entry_generic,
          yredelemnul_forgotten_temple_becter
Lair:1:   layout_long_grid, grunt_megastairs_5, infiniplex_staircase_pool_2
Orc:1:    layout_caves, serial_shops, nicolae_shop_waterfront,
          guppyfry_orc_lava_fort, uniq_erolcha
Orc:2:    pf_orc_diabolical, layout_diamond_mine, serial_shops, shop,
          minmay_orc_treasury

Skill      XL: |  1  2  3  4  5  6  7  8  9 10 11 12 13 14 |
---------------+-------------------------------------------+-----
Axes           | 3 |  3.7
Fighting       | 4 5 6 7 8 10 11 14 15 | 15.6
Long Blades    | 1 3 4 6 8 10 13 14 | 14.0
Invocations    | 5 9 10 11 12 13 | 13.6
Shields        | 5 9 13 14 | 14.1
Evocations     | 2 5 8 9 |  9.2
Armour         | |  3.2

Action                   |  1- 3 |  4- 6 |  7- 9 | 10-12 | 13-15 || total
-------------------------+-------+-------+-------+-------+-------++-------
Melee: War axe           |   126 |   219 |   167 |       |       ||   512
       Long sword        |       |       |   146 |   509 |   655 ||  1310
Throw: Dart              |       |       |       |     2 |     2 ||     4
       Javelin           |       |       |       |       |    11 ||    11
       Boomerang         |       |       |       |       |     1 ||     1
Invok: Slouch            |       |       |       |     3 |     9 ||    12
Evoke: Wand              |       |       |    17 |    56 |    16 ||    89
  Use: Scroll            |       |     1 |     5 |     4 |     8 ||    18
       Potion            |       |       |       |     3 |     2 ||     5
 Stab: Invisible         |       |     1 |       |       |       ||     1
       Paralysed         |       |       |    15 |       |       ||    15
Armor: Scale mail        |    62 |   125 |   155 |   115 |       ||   457
       Plate armour      |       |       |       |    24 |   188 ||   212
Dodge: Dodged            |    69 |    99 |   122 |   149 |   234 ||   673
Block: Other             |    23 |    57 |    67 |    55 |       ||   202
       Kite shield       |     4 |       |       |   176 |       ||   180
       Reflection        |     1 |     2 |     3 |    20 |    16 ||    42
       Buckler           |       |       |       |    35 |   440 ||   475
       Rpst.: Long sword |       |       |    11 |    35 |    52 ||    98
